 Dungeon Crawl Stone Soup version 0.31-a0-931-g7b59d4eb97 (webtiles) character file.

Game seed: 4497238672206628582

78 rvierbuc the Poker (level 4, 0/41 HPs)
             Began as a Gnoll Cinder Acolyte on Oct 20, 2023.
             Was a High Priest of Ignis.
             Slain by a river rat (5 damage)
             ... in a sewer.
             The game lasted 00:04:02 (1824 turns).

rvierbuc the Poker (Gnoll Cinder Acolyte)           Turns: 1824, Time: 00:04:03

Health: 0/41       AC:  3    Str: 16    XL:     4   Next: 36%
Magic:  8/8        EV: 11    Int: 13    God:    Ignis [*****.]
Gold:   119        SH:  0    Dex:  7    Spells: 9/9 levels left

rFire   + . .        a - -1 spear (flame)
rCold   . . .        (no shield)
rNeg    . . .        b - +0 robe
rPois   .            (no helmet)
rElec   .            (no cloak)
rCorr   .            (no gloves)
SInv    .            i - +0 pair of boots
Will    .....        (no amulet)
Stlth   +            (no ring)
HPRegen 0.26/turn    (no ring)
MPRegen 0.11/turn

%: no passive effects
@: no status effects
A: fangs 1, strong nose, distributed training
a: Renounce Religion, Fiery Armour, Foxfire Swarm, Rising Flame


You were in a sewer.
You worshipped Ignis.
Ignis was extremely pleased with you.
You visited 1 branch of the dungeon, and saw 3 of its levels.
You also visited: Sewer.

You collected 119 gold pieces.

Inventory:

Hand Weapons
 a - a -1 spear of flaming (weapon)
 e - a +2 short sword of protection
 j - a +2 dagger of protection
 s - a +2 falchion
Missiles
 r - 5 javelins
Armour
 b - a +0 robe (worn)
 i - a +0 pair of boots (worn)
Jewellery
 g - a +6 ring of dexterity
Talismans
 o - a flux talisman
Scrolls
 c - 3 scrolls of identify {unknown}
 k - a scroll of enchant armour {unknown}
Potions
 d - a potion of mutation {unknown}
 f - a potion of curing {unknown}
 h - a potion of haste {unknown}
 l - a potion of resistance {unknown}
 m - a potion of cancellation {unknown}
 n - a potion of lignification {unknown}
 p - a potion of heal wounds {unknown}
 q - a potion of magic {unknown}


   Skills:
 + Level 6.6 Fighting
 + Level 1.1 Short Blades
 + Level 1.1 Long Blades
 + Level 1.1 Axes
 + Level 1.1 Maces & Flails
 + Level 6.6 Polearms
 + Level 1.1 Staves
 + Level 1.1 Ranged Weapons
 + Level 1.1 Throwing
 + Level 1.1 Armour
 + Level 1.1 Dodging
 + Level 1.1 Stealth
 + Level 1.1 Shields
 + Level 1.1 Unarmed Combat
 + Level 3.0 Spellcasting
 + Level 0.9 Conjurations
 + Level 0.9 Hexes
 + Level 0.9 Summonings
 + Level 0.9 Necromancy
 + Level 0.9 Translocations
 + Level 0.9 Transmutations
 + Level 5.4 Fire Magic
 + Level 0.9 Ice Magic
 + Level 0.9 Air Magic
 + Level 0.9 Earth Magic
 + Level 0.9 Poison Magic
 + Level 1.2 Invocations
 + Level 1.1 Evocations
 + Level 1.0 Shapeshifting


You had 9 spell levels left.
You didn't know any spells.
Your spell library contained the following spells:

 Spells                   Type           Power      Damage    Failure   Level
 Scorch                   Fire           32%        2d6       3%          2
 Foxfire                  Conj/Fire      40%        2x1d6     6%          1


Dungeon Overview and Level Annotations

Branches:
Dungeon (3/15)              Sewer (1/1)

Altars:
Nemelex Xobeh
Sif Muna
Trog


Innate Abilities, Weirdness & Mutations

You have very sharp teeth.
Your uncanny sense of smell can sniff out nearby items.
Your experience applies equally to all skills.


Message History

The worm bites you.
Your unstable footing causes you to fumble your attack.
You hit the worm. You burn the worm.
The worm is almost dead.
The worm bites you!
Your unstable footing causes you to fumble your attack.
Your unstable footing causes you to fumble your attack.
Your unstable footing causes you to fumble your attack.
The worm misses you. The worm closely misses you.
You hit the worm. You burn the worm.
The worm is almost dead.
Your unstable footing causes you to fumble your attack.
The worm bites you!
You barely miss the worm.
The worm is severely wounded.
Your unstable footing causes you to fumble your attack.
The worm bites you!
* * * LOW HITPOINT WARNING * * *
The worm bites you but does no damage.
There is a glowing drain here.
The worm bites you.
* * * LOW HITPOINT WARNING * * *
The world spins around you as you enter the gateway.
You enter a sewer!
Found a gate leading back out of this place.
There is an empty arch of ancient stone here.
Okay, then.
You are too injured to fight recklessly!
You hit the rat. You burn the rat.
You kill the rat!
You are too injured to fight recklessly!
You are too injured to fight recklessly!
The river rat barely misses you.
You barely miss the river rat.
You bite the river rat, but do no damage.
The river rat bites you.
* * * LOW HITPOINT WARNING * * *
You barely miss the river rat. The river rat bites you.
You die... ################## ....r.∩r..@r..~~~~ ##################

You could see 2 river rats and a rat.

Vanquished Creatures
  An adder (D:2)
  A gnoll (D:3)
  A white imp (D:3)
  3 dart slugs
  An orc (D:3)
  6 ball pythons
  2 endoplasms
  A giant cockroach (D:2)
  4 goblins (D:1)
  4 hobgoblins
  2 jackals (D:1)
  2 quokkas (D:2)
  4 bats
  4 frilled lizards
  4 kobolds
  4 rats
44 creatures vanquished.

Notes
Turn   | Place    | Note
-------+----------+-------------------------------------------
     0 | D:1      | rvierbuc the Gnoll Cinder Acolyte began the quest for the
                  | Orb.
     0 | D:1      | Reached XP level 1. HP: 23/23 MP: 4/4
    88 | D:1      | Reached XP level 2. HP: 26/29 MP: 5/5
   286 | D:1      | Found a faded altar of an unknown god.
   332 | D:1      | Reached XP level 3. HP: 35/35 MP: 7/7
   900 | D:2      | Reached skill level 1 in Invocations
   990 | D:2      | Found a sparkling altar of Nemelex Xobeh.
  1045 | D:2      | Reached skill level 1 in Short Blades
  1045 | D:2      | Reached skill level 1 in Long Blades
  1045 | D:2      | Reached skill level 1 in Axes
  1045 | D:2      | Reached skill level 1 in Maces & Flails
  1045 | D:2      | Reached skill level 1 in Staves
  1045 | D:2      | Reached skill level 1 in Ranged Weapons
  1045 | D:2      | Reached skill level 1 in Throwing
  1045 | D:2      | Reached skill level 1 in Armour
  1045 | D:2      | Reached skill level 1 in Dodging
  1045 | D:2      | Reached skill level 1 in Stealth
  1045 | D:2      | Reached skill level 1 in Shields
  1045 | D:2      | Reached skill level 1 in Unarmed Combat
  1045 | D:2      | Reached skill level 1 in Evocations
  1566 | D:3      | Identified the of Xextu
  1652 | D:3      | Reached XP level 4. HP: 41/41 MP: 8/8
  1657 | D:3      | Found a shimmering blue altar of Sif Muna.
  1674 | D:3      | Reached skill level 1 in Shapeshifting
  1760 | D:3      | Found a bloodstained altar of Trog.
  1777 | D:3      | Found a glowing drain.
  1818 | Sewer    | Entered a sewer
  1824 | Sewer    | Slain by a river rat

Illustrated notes

Levels and vault maps discovered:
D:1:      mrwooster_arrival_statue_2, layout_basic,
          ebering_ecumenical_altar_hall
D:2:      layout_loops_ring, basic_altar
D:3:      layout_basic, nzn_overflow_gifts_of_might_and_magic,
          mainiacjoe_overflow_concentric_impassable, cheibrodos_sewer_entry_bend
Sewer:    sewer_kobolds

Skill      XL: |  1  2  3  4 |
---------------+-------------+-----
Invocations    | 1 |  1.2
Short Blades   | 1 |  1.1
Long Blades    | 1 |  1.1
Axes           | 1 |  1.1
Maces & Flails | 1 |  1.1
Staves         | 1 |  1.1
Ranged Weapons | 1 |  1.1
Throwing       | 1 |  1.1
Armour         | 1 |  1.1
Dodging        | 1 |  1.1
Stealth        | 1 |  1.1
Shields        | 1 |  1.1
Unarmed Combat | 1 |  1.1
Evocations     | 1 |  1.1
Shapeshifting  | 1 |  1.0
Spellcasting   | 3 |  3.0
Fighting       | |  6.6
Polearms       | |  6.6
Conjurations   | |  0.9
Hexes          | |  0.9
Summonings     | |  0.9
Necromancy     | |  0.9
Translocations | |  0.9
Transmutations | |  0.9
Fire Magic     | |  5.4
Ice Magic      | |  0.9
Air Magic      | |  0.9
Earth Magic    | |  0.9
Poison Magic   | |  0.9

Action                     |  1- 3 |  4- 6 || total
---------------------------+-------+-------++-------
  Melee: Spear             |   141 |    43 ||   184
         Bite              |    12 |     5 ||    17
         Punch             |       |     1 ||     1
   Stab: Sleeping          |     4 |       ||     4
 Armour: Robe              |    44 |    14 ||    58
  Dodge: Dodged            |    51 |    14 ||    65

Table legend: (Time is in decaauts)
 A = Elapsed time spent in this place.
 B = Non-inter-level travel time spent in this place.
 C = Inter-level travel time spent in this place.
 D = Time resting spent in this place.
 E = Time spent auto-exploring this place.
 F = Levels seen in this place.
 G = Mean time per level.
                   A        B        C        D        E       F      G
               +--------+--------+--------+--------+--------+-----+--------+
         Total |   1785 |   1731 |     54 |      0 |   1411 |   4 |  446.2 |
       Dungeon |   1780 |   1726 |     54 |      0 |   1411 |   3 |  593.3 |
         Sewer |      5 |      5 |      0 |      0 |      0 |   1 |    5.0 |
               +--------+--------+--------+--------+--------+-----+--------+

Top non-repeatable levels by time:
     D:2: 809 daAuts
     D:1: 725 daAuts
     D:3: 245 daAuts
   Sewer: 5 daAuts
